 Dungeon Crawl Stone Soup version 0.30-a0-618-gd6c86c23d0 (webtiles) character file.

Game seed: 1307396466994170576

228 themarg the Insei (level 6, -7/47 HPs)
             Began as a Gnoll Transmuter on Jan 9, 2023.
             Was a Believer of Jiyva.
             Killed from afar by an oklob plant (13 damage)
             ... with a splash of acid
             ... on level 3 of the Dungeon.
             The game lasted 00:07:43 (2864 turns).

themarg the Insei (Gnoll Transmuter)                Turns: 2864, Time: 00:07:44

Health: -7/47      AC: -2    Str: 10    XL:     6   Next: 2%
Magic:  13/13      EV: 22    Int: 14    God:    Jiyva [**....]
Gold:   213        SH:  0    Dex: 17    Spells: 9/15 levels left

rFire   . . .      SeeInvis .      - Unarmed
rCold   . . .      Faith    .    (shield currently unavailable)
rNeg    . . .      Spirit   .    (body armour currently unavailable)
rPois   x          Reflect  .    (helmet currently unavailable)
rElec   .          Harm     .    (cloak currently unavailable)
rCorr   +          Rampage  .    (gloves currently unavailable)
Will    .....                    (boots currently unavailable)
Stlth   +                        w - amulet of magic regeneration
HPRegen 1.23/turn                (no ring)
MPRegen 0.83/turn                (no ring)

@: confused, spider-form, ambrosia-drunk, corroded
A: venomous fangs, tiny, (fangs 1), strong nose, distributed training
a: End Transformation, Renounce Religion


You were on level 3 of the Dungeon.
You worshipped Jiyva.
Jiyva was pleased with you.
You were a venomous arachnid creature.
You visited 1 branch of the dungeon, and saw 3 of its levels.

You collected 213 gold pieces.

Inventory:

Missiles
 c - 14 stones
 u - 6 boomerangs
 x - 2 poisoned darts
Armour
 a - a +0 robe (melded)
 l - a +0 pair of gloves (melded)
 y - a +0 cloak (melded)
Jewellery
 w - an amulet of magic regeneration (around neck)
Wands
 m - a wand of roots (5)
 t - a wand of paralysis (8)
Scrolls
 d - a scroll of identify
 e - a scroll of teleportation {unknown}
 g - a scroll of enchant armour {unknown}
 h - 2 scrolls of enchant weapon
 n - a scroll of poison {unknown}
 o - a scroll of silence {unknown}
 p - a scroll of magic mapping {unknown}
 s - a scroll of vulnerability {unknown}
 v - a scroll of fog {unknown}
Potions
 b - 3 potions of lignification
 f - 3 potions of mutation
 i - a potion of invisibility
 k - a potion of cancellation {unknown}
 q - a potion of heal wounds {unknown}
 r - a potion of flight {unknown}


   Skills:
 + Level 3.1 Fighting
 + Level 1.8 Short Blades
 + Level 1.8 Long Blades
 + Level 1.8 Axes
 + Level 1.8 Maces & Flails
 + Level 1.8 Polearms
 + Level 1.8 Staves
 + Level 1.8 Ranged Weapons
 + Level 1.8 Throwing
 + Level 1.8 Armour
 + Level 4.9 Dodging
 + Level 1.8 Stealth
 + Level 1.8 Shields
 + Level 6.8 Unarmed Combat
 + Level 5.3 Spellcasting
 + Level 1.4 Conjurations
 + Level 1.4 Hexes
 + Level 1.4 Summonings
 + Level 1.4 Necromancy
 + Level 1.4 Translocations
 + Level 4.0 Transmutations
 + Level 1.4 Fire Magic
 + Level 1.4 Ice Magic
 + Level 1.4 Air Magic
 + Level 1.4 Earth Magic
 + Level 1.4 Poison Magic
 + Level 2.0 Invocations
 + Level 1.8 Evocations


You had 9 spell levels left.
You knew the following spells:

 Your Spells              Type           Power      Damage    Failure   Level
a - Beastly Appendage     Tmut           30%        N/A       11%         1
b - Wereblood             Tmut           15%        N/A       14%         2
c - Spider Form           Tmut/Pois      11%        N/A       34%         3

Your spell library contained the following spells:

 Spells                   Type           Power      Damage    Failure   Level
 Ignite Poison            Fire/Tmut/Pois 10%        N/A       41%         3
 Gell's Gravitas          Tloc           7%         N/A       50%         3
 Inner Flame              Hex/Fire       7%         N/A       50%         3
 Kindle Blastsparks       Fire/Tloc/Air  14%        2d11      50%         3
 Lesser Beckoning         Tloc           14%        N/A       50%         3
 Teleport Other           Tloc           7%         N/A       50%         3
 Ice Form                 Ice/Tmut       11%        N/A       69%         4
 Cause Fear               Hex            3%         N/A       85%         4
 Freezing Cloud           Conj/Ice/Air   3%         6-21      99%         5
 Discord                  Hex            3%         N/A       100%        8


Dungeon Overview and Level Annotations

Branches:
Dungeon (3/15)

Altars:
Fedhas
Makhleb
Jiyva

Shops:
D:2 *   D:3 :

Annotations:
D:3 exclusion: oklob plant


Innate Abilities, Weirdness & Mutations

You are a venomous arachnid creature.
You have venomous fangs.
You are tiny and dextrous.
Your spellcasting is less reliable in this form.
Your armour is entirely melded.
You are incapable of wielding weapons or throwing items.
((You have very sharp teeth.))
Your uncanny sense of smell can sniff out nearby items.
Your experience applies equally to all skills.


Message History

You hit the oklob plant.
The oklob plant is lightly damaged.
The oklob plant spits acid at you. The splash of acid hits you! You resist.
You hit the oklob plant.
The oklob plant is poisoned.
The oklob plant is moderately damaged.
The jelly hits the plant.
The plant begins to die.
The plant is splashed with acid!
You hit the oklob plant but do no damage.
The oklob plant is moderately damaged.
You hit the oklob plant but do no damage.
The oklob plant is moderately damaged.
You hit the oklob plant but do no damage.
The oklob plant looks even sicker.
The oklob plant is moderately damaged.
The oklob plant spits acid at you. The splash of acid hits you! You resist.
The acid corrodes you!
The jelly hits the fungus.
The fungus begins to die.
The fungus is splashed with acid.
The acid corrodes the fungus!
You hit the oklob plant but do no damage.
The oklob plant is moderately damaged.
You bite the oklob plant!
The oklob plant looks as sick as possible!
The oklob plant is moderately damaged.
The oklob plant spits acid at you. The splash of acid hits you! You resist.
You hit the oklob plant.
The oklob plant is heavily damaged.
A nearby plant withers and dies.
A nearby fungus withers and dies.
The oklob plant spits acid at you. The splash of acid hits you! You resist.
* * * LOW HITPOINT WARNING * * *
The oklob plant spits acid at you. The splash of acid hits you! You resist.
* * * LOW HITPOINT WARNING * * *
You are confused.
You feel invigorated. The oklob plant spits acid at you.
The splash of acid hits you! You resist.
You die...

P.~≈≈≈~~~~≈~~...P##
#.~≈≈≈...~~~~.♣.♣P#
..~≈≈≈._.......♣.P#
#.~≈≈≈...~~~~...P##
..~~≈≈~~≈≈≈≈~..♣♣P#
...~≈≈~≈≈≈≈~..#.♣P#
.♣..≈~~≈≈~~.......#
♣P#..~~~~~..#...P.#
..P.........#...s.#
P............J...P#
♣.#P.PP.#..P.P..PP#
P♣PPP..♣.♣PJ♣..PPP#
#♣PP#P....#PP♣P.P♣#
#################


You could see an oklob plant (very poisoned) and 2 neutral jellies (fellow
slime).

Vanquished Creatures
  A phantom (D:3)
  An orc priest (D:3)
  An orc wizard (D:3)
  Terence (D:2)
  2 adders
  A worm (D:3)
  An orc (D:3)
  6 bats
  3 endoplasms
  3 giant cockroaches
  7 goblins
  11 hobgoblins
  2 quokkas
  5 ball pythons
  3 frilled lizards
  2 kobolds (D:3)
  8 rats
58 creatures vanquished.

Vanquished Creatures (others)
  A bat (D:3)
  30 fungi (D:3)
  58 plants (D:3)
89 creatures vanquished.

Grand Total: 147 creatures vanquished

Notes
Turn   | Place    | Note
-------+----------+-------------------------------------------
     0 | D:1      | themarg the Gnoll Transmuter began the quest for the Orb.
     0 | D:1      | Reached XP level 1. HP: 17/17 MP: 6/6
   212 | D:1      | Reached XP level 2. HP: 20/23 MP: 5/7
   215 | D:1      | Learned a level 2 spell: Wereblood
   686 | D:1      | Reached skill level 5 in Spellcasting
   686 | D:1      | Reached XP level 3. HP: 28/28 MP: 6/9
  1066 | D:1      | Learned a level 3 spell: Spider Form
  1241 | D:2      | Reached skill level 1 in Invocations
  1317 | D:2      | Noticed Terence
  1326 | D:2      | Killed Terence
  1327 | D:2      | Reached skill level 1 in Short Blades
  1327 | D:2      | Reached skill level 1 in Long Blades
  1327 | D:2      | Reached skill level 1 in Axes
  1327 | D:2      | Reached skill level 1 in Maces & Flails
  1327 | D:2      | Reached skill level 1 in Polearms
  1327 | D:2      | Reached skill level 1 in Staves
  1327 | D:2      | Reached skill level 1 in Ranged Weapons
  1327 | D:2      | Reached skill level 1 in Throwing
  1327 | D:2      | Reached skill level 1 in Armour
  1327 | D:2      | Reached skill level 1 in Stealth
  1327 | D:2      | Reached skill level 1 in Shields
  1327 | D:2      | Reached skill level 1 in Evocations
  1461 | D:2      | Found Mahewonteo's Assorted Antiques.
  1483 | D:2      | Reached XP level 4. HP: 34/34 MP: 9/11
  2140 | D:3      | Reached skill level 1 in Conjurations
  2140 | D:3      | Reached skill level 1 in Hexes
  2140 | D:3      | Reached skill level 1 in Summonings
  2140 | D:3      | Reached skill level 1 in Necromancy
  2140 | D:3      | Reached skill level 1 in Translocations
  2140 | D:3      | Reached skill level 1 in Fire Magic
  2140 | D:3      | Reached skill level 1 in Ice Magic
  2140 | D:3      | Reached skill level 1 in Air Magic
  2140 | D:3      | Reached skill level 1 in Earth Magic
  2140 | D:3      | Reached skill level 1 in Poison Magic
  2161 | D:3      | Found a faded altar of an unknown god.
  2172 | D:3      | Prayed at the altar of an unknown god.
  2172 | D:3      | Became a worshipper of Jiyva Jewer the Shapeless
  2172 | D:3      | Reached * piety under Jiyva
  2369 | D:3      | Reached XP level 5. HP: 14/40 MP: 12/12
  2406 | D:3      | Found Qyuf's Book Boutique.
  2430 | D:3      | Found a burning altar of Makhleb.
  2430 | D:3      | Noticed a cacodemon
  2504 | D:3      | Found a blossoming altar of Fedhas.
  2518 | D:3      | Noticed an oklob plant
  2580 | D:3      | Noticed a phantom
  2597 | D:3      | Killed a phantom
  2598 | D:3      | Reached XP level 6. HP: 33/47 MP: 13/13
  2734 | D:3      | Reached ** piety under Jiyva
  2863 | D:3      | HP: 1/47 [oklob plant/splash of acid (11)]
  2864 | D:3      | Killed from afar by an oklob plant

Illustrated notes

Levels and vault maps discovered:
D:1:      wheals_arrival_linesprint, layout_basic, minmay_close_crescents
D:2:      wad_crossroads, layout_loops_ring, serial_shops, nicolae_shop_crystal,
          uniq_terence
D:3:      layout_loops_cross, tgw_fedhas, makhleb_altar_promises_db,
          hellmonk_ecumenical_altar_lost_god, serial_shops, shop,
          minmay_surrounded

Skill      XL: |  1  2  3  4  5 |
---------------+----------------+-----
Spellcasting   | 5 |  5.3
Invocations    | 1 2 |  2.0
Short Blades   | 1 |  1.8
Long Blades    | 1 |  1.8
Axes           | 1 |  1.8
Maces & Flails | 1 |  1.8
Polearms       | 1 |  1.8
Staves         | 1 |  1.8
Ranged Weapons | 1 |  1.8
Throwing       | 1 |  1.8
Armour         | 1 |  1.8
Stealth        | 1 |  1.8
Shields        | 1 |  1.8
Evocations     | 1 |  1.8
Conjurations   | 1 |  1.4
Hexes          | 1 |  1.4
Summonings     | 1 |  1.4
Necromancy     | 1 |  1.4
Translocations | 1 |  1.4
Fire Magic     | 1 |  1.4
Ice Magic      | 1 |  1.4
Air Magic      | 1 |  1.4
Earth Magic    | 1 |  1.4
Poison Magic   | 1 |  1.4
Fighting       | 3 |  3.1
Transmutations | 4 |  4.0
Dodging        | |  4.9
Unarmed Combat | |  6.8

Action                   |  1- 3 |  4- 6 || total
-------------------------+-------+-------++-------
Melee: Unarmed           |    72 |    78 ||   150
       Kick              |    13 |    12 ||    25
       Headbutt          |     7 |     6 ||    13
       Bite              |     5 |     1 ||     6
       Punch             |     1 |     1 ||     2
 Cast: Beastly Appendage |    20 |    13 ||    33
       Spider Form       |     1 |     6 ||     7
  Use: Scroll            |       |     4 ||     4
       Potion            |       |     1 ||     1
 Stab: Sleeping          |     2 |     1 ||     3
Armor: Robe              |    10 |     6 ||    16
Dodge: Dodged            |    42 |    40 ||    82

Table legend: (Time is in decaauts)
 A = Elapsed time spent in this place.
 B = Non-inter-level travel time spent in this place.
 C = Inter-level travel time spent in this place.
 D = Time resting spent in this place.
 E = Time spent auto-exploring this place.
 F = Levels seen in this place.
 G = Mean time per level.
                   A        B        C        D        E       F      G
               +--------+--------+--------+--------+--------+-----+--------+
         Total |   2853 |   2744 |    109 |      0 |   2269 |   3 |  951.0 |
       Dungeon |   2853 |   2744 |    109 |      0 |   2269 |   3 |  951.0 |
               +--------+--------+--------+--------+--------+-----+--------+

Top non-repeatable levels by time:
     D:1: 1060 daAuts
     D:2: 981 daAuts
     D:3: 812 daAuts
